 Dungeon Crawl Stone Soup version 0.21.1-1-g345015f (webtiles) character file.

774 shakethe the Chopper (level 7, -1/94 HPs)
             Began as a Hill Orc Fighter on Feb 26, 2018.
             Slain by a sky beast (5 damage)
             ... on level 5 of the Dungeon.
             The game lasted 00:04:42 (3815 turns).

shakethe the Chopper (Hill Orc Fighter)             Turns: 3815, Time: 00:04:43

Health: -1/94      AC: 23    Str: 19    XL:     7   Next: 84%
Magic:  7/7        EV:  2    Int: 10    God:
Gold:   173        SH: 10    Dex: 10    Spells: 6/6 levels left

rFire    . . .     SeeInvis .   a - +0 war axe
rCold    . . .     Gourm    .   c - +0 shield
rNeg     + + +     Faith    .   (armour currently unavailable)
rPois    +         Spirit   .   (helmet currently unavailable)
rElec    .         Reflect  .   (cloak currently unavailable)
rCorr    .         Harm     .   (gloves currently unavailable)
MR       .....     NoTele   +   (boots currently unavailable)
Stlth    +.........             (no amulet)
HPRegen  0.25/turn              (no ring)
MPRegen  0.10/turn              (no ring)

@: tree-form (expiring)
A: no striking features
a: no special abilities


You were on level 5 of the Dungeon.
You were not hungry.
You were a tree.
You visited 1 branch of the dungeon, and saw 5 of its levels.

You collected 173 gold pieces.

Inventory:

Hand Weapons
 a - a +0 war axe (weapon)
Armour
 b - a +0 scale mail (melded)
 c - a +0 shield (worn)
 l - a +0 pair of boots (melded)
   (You found it on level 1 of the Dungeon)
 n - a +0 pair of gloves (melded)
   (You found it on level 1 of the Dungeon)
Wands
 w - a wand of flame (14)
   (You took it off a goblin on level 3 of the Dungeon)
Scrolls
 e - 4 scrolls of remove curse
 h - a scroll of fog {unknown}
 i - 5 scrolls of teleportation
 j - a scroll of immolation {unknown}
 k - a scroll of enchant weapon {unknown}
 p - a scroll of fear {unknown}
 q - a scroll of amnesia
 s - a scroll of noise {unknown}
 u - a scroll of magic mapping {unknown}
 x - a scroll of blinking {unknown}
Potions
 o - 2 potions of ambrosia {unknown}
 r - 3 potions of magic {unknown}
 t - 2 potions of berserk rage {unknown}
Books
 m - a book of Maledictions
   (You found it on level 4 of the Dungeon)
Comestibles
 f - 2 rations


   Skills:
 + Level 6.0 Fighting
 * Level 6.8 Axes
 + Level 5.4 Armour
 + Level 5.4 Shields


You had 6 spell levels left.
You didn't know any spells.

Dungeon Overview and Level Annotations

Branches:
Dungeon (5/15)
 Temple: D:4-7

Altars:
Ashenzari
Elyvilon
Okawaru


Message History

The sky beast hits you but does no damage.
The shadow imp hits you but does no damage.
The sky beast barely misses you.
You feel better. The shadow imp gestures at you.
You struggle to resist.
The sky beast hits you but does no damage.
You regained 10 hp, and now have 13/62 hp.
Your shield prevents you from hitting the sky beast.
You slash the shadow imp!
You kill the shadow imp!
Your Fighting skill increases to level 6!
The sky beast hits you but does no damage.
You closely miss the sky beast.
The sky beast hits you but does no damage.
You closely miss the sky beast.
The sky beast hits you but does no damage.
You hit the sky beast.
The sky beast flickers out of sight!
Deactivating autopickup; reactivate with Ctrl-A.
Something hits you but does no damage. Something hits you.
* * * LOW HITPOINT WARNING * * *
Something shocks you.
* * * LOW HITPOINT WARNING * * *
You take 8 damage, and have 6/63 hp.
Your shield and scale mail prevent you from hitting something.
You block something's attack.
You feel better. Something hits you but does no damage.
You regained 10 hp, and now have 16/63 hp.
Your shield and scale mail prevent you from hitting something.
Something hits you but does no damage.
You miss something. Something hits you but does no damage.
You miss something. Something hits you but does no damage.
Something completely misses you.
You miss something. Something hits you.
* * * LOW HITPOINT WARNING * * *
Something shocks you.
* * * LOW HITPOINT WARNING * * *
You take 7 damage, and have 10/63 hp.
You hit something but do no damage. Something hits you but does no damage.
You barely miss something.
A sky beast appears from thin air!
Reactivating autopickup.
You block the sky beast's attack. The sky beast closely misses you.
You hit the sky beast but do no damage. You block the sky beast's attack.
You barely miss the sky beast. You block the sky beast's attack.
You hit the sky beast but do no damage.
The sky beast hits you but does no damage.
You closely miss the sky beast.
The sky beast hits you but does no damage.
Your shield and scale mail prevent you from hitting the sky beast.
The sky beast barely misses you.
You hit the sky beast but do no damage.
The sky beast flickers out of sight!
Deactivating autopickup; reactivate with Ctrl-A.
Something hits you.
* * * LOW HITPOINT WARNING * * *
Something shocks you.
* * * LOW HITPOINT WARNING * * *
Something hits you but does no damage.
You take 7 damage, and have 5/63 hp.
Wield which item (- for none, * to show all)? (? for menu, Esc to quit)
That's the wrong kind of item! (Use * to select it.) Wield which item (- for none, * to show all)? (? for menu, Esc to quit)
Okay, then.
You feel better. Something hits you but does no damage.
You regained 8 hp, and now have 13/63 hp.
You closely miss something. You block something's attack.
You closely miss something. Something hits you but does no damage.
You closely miss something. Something hits you.
* * * LOW HITPOINT WARNING * * *
Something shocks you.
* * * LOW HITPOINT WARNING * * *
Something hits you but does no damage.
You take 6 damage, and have 7/63 hp.
Really quaff
g - a potion of lignification {!q}?
You turn into a tree.
Your +0 pair of gloves melds into your body.
Your +0 pair of boots melds into your body.
Your +0 scale mail melds into your body.
Your roots penetrate the ground.
Something hits you but does no damage.
You now have 11/94 hp.
You hit something. Something hits you but does no damage.
A shadow imp comes into view.
You miss something.
The shadow imp shouts!
A sky beast appears from thin air!
Reactivating autopickup.
The sky beast hits you.
* * * LOW HITPOINT WARNING * * *
The sky beast shocks you.
* * * LOW HITPOINT WARNING * * *
You take 7 damage, and have 4/94 hp.
You barely miss the sky beast.
The sky beast flickers out of sight!
Deactivating autopickup; reactivate with Ctrl-A.
Something hits you but does no damage.
You closely miss something. Something hits you but does no damage.
You closely miss something.
Your transformation is almost over.
Something hits you.
* * * LOW HITPOINT WARNING * * *
Something shocks you.
You die...

.. #. ...#
... #. .#.
....##. ...
....#.. ..
..5.. .#
...#.#
.###.#){)#
.......♣#
.#.....[..#
..........#
.#........#
..........#
..###.#.###
. ..#.#
..##.#


You could see a shadow imp.

Vanquished Creatures
  Menkaure (D:4)
  2 ogres (D:4)
  A howler monkey (D:4)
  A jelly (D:5)
  4 orc priests (D:4)
  A centaur skeleton (D:4)
  Jessica (D:2)
  A worker ant (D:5)
  Terence (D:2)
  5 adders
  4 gnolls (D:2)
  A shadow imp (D:5)
  An adder skeleton (D:4)
  2 worms (D:2)
  A dart slug (D:2)
  2 leopard geckos
  10 orcs
  8 bats
  5 giant cockroaches
  14 goblins
  8 hobgoblins
  7 jackals
  2 quokkas
  2 ball pythons
  4 frilled lizards
  7 kobolds
  2 leopard gecko skeletons (D:4)
  A quokka skeleton (D:4)
  10 rats
109 creatures vanquished.

Vanquished Creatures (others)
  A worm (D:2)
  A kobold (D:2)
2 creatures vanquished.

Grand Total: 111 creatures vanquished

Notes
Turn   | Place    | Note
-------+----------+-------------------------------------------
     0 | D:1      | shakethe the Hill Orc Fighter began the quest for the Orb.
     0 | D:1      | Reached XP level 1. HP: 19/19 MP: 1/1
   183 | D:1      | Reached skill level 3 in Axes
   183 | D:1      | Reached XP level 2. HP: 27/27 MP: 2/2
   343 | D:1      | Found a shattered altar of Ashenzari.
   476 | D:1      | Reached skill level 4 in Fighting
   671 | D:2      | Reached XP level 3. HP: 33/33 MP: 3/3
   805 | D:2      | Found an iron altar of Okawaru.
   852 | D:2      | Reached XP level 4. HP: 21/40 MP: 4/4
  1039 | D:2      | Noticed Jessica
  1060 | D:2      | Killed Jessica
  1060 | D:2      | Reached skill level 4 in Armour
  1060 | D:2      | Reached skill level 4 in Shields
  1204 | D:2      | Reached skill level 4 in Axes
  1204 | D:2      | Reached XP level 5. HP: 43/47 MP: 5/5
  1262 | D:2      | Noticed Terence
  1275 | D:2      | Killed Terence
  1365 | D:2      | You fall through a shaft!
  2245 | D:4      | Reached XP level 6. HP: 55/55 MP: 6/6
  2268 | D:4      | Reached skill level 5 in Fighting
  2306 | D:4      | HP: 7/56 [orc priest/divine providence (12)]
  2315 | D:4      | HP: 10/56 [orc priest/divine providence (9)]
  2316 | D:4      | HP: 3/56 [orc priest/flail (3)]
  2321 | D:4      | Reached skill level 5 in Axes
  2321 | D:4      | HP: 13/56 [orc/flail (2)]
  2677 | D:4      | Reached XP level 7. HP: 30/61 MP: 7/7
  2800 | D:4      | Reached skill level 5 in Armour
  2800 | D:4      | Reached skill level 5 in Shields
  2816 | D:4      | Found a white marble altar of Elyvilon.
  3026 | D:4      | Noticed Menkaure
  3036 | D:4      | HP: 10/61 [??? (8)]
  3039 | D:4      | HP: 2/61 [Menkaure (9)]
  3040 | D:4      | Killed Menkaure
  3040 | D:4      | Reached skill level 6 in Axes
  3765 | D:5      | Entered Level 5 of the Dungeon
  3783 | D:5      | HP: 14/62 [sky beast (5)]
  3784 | D:5      | HP: 3/62 [sky beast (6)]
  3788 | D:5      | Reached skill level 6 in Fighting
  3791 | D:5      | HP: 12/63 [something (2)]
  3797 | D:5      | HP: 10/63 [something (6)]
  3805 | D:5      | HP: 10/63 [something (2)]
  3812 | D:5      | HP: 9/94 [sky beast (2)]
  3812 | D:5      | HP: 4/94 [sky beast (5)]
  3815 | D:5      | Slain by a sky beast

Skill      XL: |  1  2  3  4  5  6  7 |
---------------+----------------------+-----
Axes           | 3 4 5 6 |  6.8
Fighting       | 4 5 6 |  6.0
Armour         | 4 5 |  5.4
Shields        | 4 5 |  5.4

Action                   |  1- 3 |  4- 6 |  7- 9 || total
-------------------------+-------+-------+-------++-------
Melee: War axe           |   115 |   196 |    67 ||   378
  Use: Scroll            |       |     6 |       ||     6
       Potion            |       |     2 |     5 ||     7
  Eat: Chunk             |       |     6 |     1 ||     7
       Ration            |       |       |     1 ||     1
Armor: Scale mail        |    74 |   111 |    43 ||   228
       Skin              |       |       |     4 ||     4
Dodge: Dodged            |    31 |    63 |    17 ||   111
Block: Shield            |    67 |   113 |    24 ||   204

Vault maps used:
D:1:      ncdulo_lavacross, ashenzari_altar_1
D:2:      lemuel_crystal_altar, first_ration, lemuel_flame_loot_1, uniq_jessica,
          uniq_terence
D:3:      kennysheep_big_flooded_room
D:4:      lemuel_doored_altar, grunt_ministairs_9, uniq_menkaure
D:5:      nicolae_overflow_hidden_temple, overflow_temple_1_default,
          nicolae_dithmenos_shadow_blocks, temple_pool_b, basic_altar,
          minmay_small_thing

Table legend:
 A = Turns spent in this place as a percentage of turns spent in the entire game.
 B = Non-inter-level travel turns spent in this place as a percentage of non-inter-level travel turns spent in the entire game.
 C = Inter-level travel turns spent in this place as a percentage of turns spent in this place.
 D = Turns resting spent in this place as a percentage of non-inter-level travel turns spent in this place.
 E = Turns spent auto-exploring this place as a percentage of non-inter-level travel turns spent in this place.
 F = Non-inter-level travel turns spent in this place divided by the number of levels of this place that you've seen.
                   A       B       C       D       E      F
               +-------+-------+-------+-------+-------+----------------------
         Total | 100.0 | 100.0 |   1.6 |  33.8 |  47.3 | 750.8
       Dungeon | 100.0 | 100.0 |   1.6 |  33.8 |  47.3 | 750.8
               +-------+-------+-------+-------+-------+----------------------

Table legend:
 A = Kills in this place as a percentage of kills in entire the game.
 B = Kills by you in this place as a percentage of kills by you in the entire game.
 C = Kills by friends in this place as a percentage of kills by friends in the entire game.
 D = Other kills in this place as a percentage of other kills in the entire game.
 E = Experience gained in this place as a percentage of experience gained in the entire game.
 F = Experience gained in this place divided by the number of levels of this place that you have seen.
                   A       B       C       D       E      F
               +-------+-------+-------+-------+-------+----------------------
         Total | 100.0 | 100.0 |   N/A |   N/A | 100.0 | 221.2
       Dungeon | 100.0 | 100.0 |   N/A |   N/A | 100.0 | 221.2
               +-------+-------+-------+-------+-------+----------------------
